 Dungeon Crawl Stone Soup version 0.21.1-1-g345015f (webtiles) character file.

60 pk666 the Magician (level 3, -2/19 HPs)
             Began as a Deep Elf Wizard on Feb 13, 2018.
             Killed from afar by pk666's ghost (9 damage)
             ... with a magic dart
             ... on level 3 of the Dungeon.
             The game lasted 00:03:39 (2179 turns).

pk666 the Magician (Deep Elf Wizard)                Turns: 2179, Time: 00:03:39

Health: -2/19      AC:  2    Str:  4    XL:     3   Next: 82%
Magic:  1/11       EV: 13    Int: 23    God:
Gold:   69         SH:  0    Dex: 13    Spells: 3/12 levels left

rFire    . . .     SeeInvis .   h - +0 dagger (elec)
rCold    . . .     Gourm    .   (no shield)
rNeg     . . .     Faith    .   a - +0 robe
rPois    .         Spirit   .   b - +0 hat
rElec    .         Reflect  .   (no cloak)
rCorr    .         Harm     .   (no gloves)
MR       .....                  (no boots)
Stlth    ++........             (no amulet)
HPRegen  0.06/turn              (no ring)
MPRegen  0.12/turn              (no ring)

@: lethally poisoned (-2 -> -16), very slightly contaminated
A: no striking features
a: no special abilities


You were on level 3 of the Dungeon.
You were not hungry.

You visited 1 branch of the dungeon, and saw 3 of its levels.

You collected 69 gold pieces.

Inventory:

Hand Weapons
 h - a +0 dagger of electrocution (weapon)
Armour
 a - a +0 robe (worn)
 b - a +0 hat (worn)
Jewellery
 e - an uncursed ring of see invisible {unknown}
Scrolls
 f - 2 scrolls of identify {unknown}
 g - 4 scrolls of remove curse {unknown}
 i - 2 scrolls of amnesia {unknown}
 j - 2 scrolls of magic mapping {unknown}
 k - a scroll of fear {unknown}
 l - a scroll of fog {unknown}
Books
 c - a book of Minor Magic

   Spells                             Type                      Level
   a - Magic Dart                     Conjuration                  1
   b - Blink                          Translocation                2
   c - Call Imp                       Summoning                    2
   d - Slow                           Hexes                        2
   e - Conjure Flame                  Conjuration/Fire             3
   f - Mephitic Cloud                 Conjuration/Poison/Air       3
Comestibles
 d - 2 rations
 m - a chunk of flesh


   Skills:
 + Level 1.1 Short Blades
 + Level 3.4 Dodging
 - Level 2.4 Stealth
 + Level 5.1 Spellcasting
 + Level 2.2 Conjurations
   Level 1.1 Summonings
 - Level 1.1 Translocations
 * Level 0.0 Fire Magic
 * Level 0.0 Air Magic
 * Level 0.0 Poison Magic


You had 3 spell levels left.
You knew the following spells:

 Your Spells              Type           Power        Failure   Level  Hunger
a - Magic Dart            Conj           ###.         3%          1    None
b - Blink                 Tloc           N/A          9%          2    None
d - Conjure Flame         Conj/Fire      ##......     17%         3    ##.....
z - Mephitic Cloud        Conj/Pois/Air  #.......     21%         3    ##.....


Dungeon Overview and Level Annotations

Branches:
Dungeon (3/15)

Altars:

Annotations:
D:3 pk666's ghost, amateur DEWz


Message History

Casting: Magic Dart
Confirm with . or Enter, or press ? or * to list all spells.
You don't have enough magic to cast that spell.
You feel sick. Pk666's ghost hits you.
You are lethally poisoned!
You see here 17 stones.
You feel sick.
You closely miss pk666's ghost.
Pk666's ghost is almost destroyed.
You feel sick.
Pk666's ghost casts a spell.
Pk666's ghost blinks!
You feel sick.
Pk666's ghost says, "You must not succeed where I failed!"
You feel sick.
There is a stone staircase leading up here.
You feel sick. Pk666's ghost casts a spell at you. The magic dart hits you!
You die...

....$.#
##.#...####
##.....#....
##...........
#............
#......).....
#..W.........
#@.w(?.......
#............
##...........
##.....#[...
####### ###


You could see a worm and pk666's ghost.

Vanquished Creatures
  2 adders (D:2)
  3 dart slugs
  A worm (D:2)
  3 bats
  2 giant cockroaches (D:1)
  4 goblins
  4 hobgoblins
  A ball python (D:2)
  A frilled lizard (D:1)
  7 kobolds
  8 rats
36 creatures vanquished.

Notes
Turn   | Place    | Note
-------+----------+-------------------------------------------
     0 | D:1      | pk666 the Deep Elf Wizard began the quest for the Orb.
     0 | D:1      | Reached XP level 1. HP: 10/10 MP: 7/7
   235 | D:1      | Reached XP level 2. HP: 15/15 MP: 3/9
  1132 | D:2      | Reached XP level 3. HP: 3/19 MP: 2/11
  1143 | D:2      | HP: 1/28 [poisoned by an adder]
  1456 | D:2      | Reached skill level 5 in Spellcasting
  1725 | D:2      | Reached skill level 1 in Short Blades
  1803 | D:2      | Learned a level 2 spell: Blink
  1807 | D:2      | Learned a level 3 spell: Mephitic Cloud
  1811 | D:2      | Learned a level 3 spell: Conjure Flame
  2166 | D:3      | Noticed pk666's ghost (amateur DEWz)
  2179 | D:3      | Killed from afar by pk666's ghost

Skill      XL: |  1  2  3 |
---------------+----------+-----
Dodging        | 3 |  3.4
Conjurations   | 2 |  2.2
Spellcasting   | 5 |  5.1
Short Blades   | 1 |  1.1
Stealth        | |  2.4
Summonings     | |  1.1
Translocations | |  1.1

Action                   || total
-------------------------++-------
Melee: Dagger            ||     4
 Cast: Magic Dart        ||    92
  Use: Potion            ||     2
  Eat: Chunk             ||     4
Armor: Robe              ||     4
Dodge: Dodged            ||     8
